 Dungeon Crawl Stone Soup version 0.31.0-11-ge490571c62 (webtiles) character file.

Game seed: 4374696016963751316

122888 TheBioAlchemist the Severer (level 17, -10/132 (133) HPs)
             Began as a Formicid Fighter on Jan 28, 2024.
             Was the Champion of Qazlal.
             Mangled by a +2 scimitar of protection (14 damage)
             ... on level 2 of the Elven Halls.
             The game lasted 01:00:15 (23453 turns).

TheBioAlchemist the Severer (Formicid Fighter)     Turns: 23453, Time: 01:00:16

HP:   -10/132 (133) AC: 29    Str: 28    XL:     17   Next: 43%
MP:   0/24          EV:  8    Int:  9    God:    Qazlal [******]
Gold: 2122          SH: 23    Dex: 13    Spells: 16/16 levels left

rFire   + . .        S - +8 frozen axe "Frostbite" {freeze, freezing cloud, *Noise Fly rC+}
rCold   + . .        H - +2 kite shield {AC+3}
rNeg    + + .        V - +3 plate armour {rF+}
rPois   .            (helmet unavailable)
rElec   .            W - +2 cloak
rCorr   .            (no gloves)
SInv    +            n - +0 pair of boots
Will    ++...        m - amulet of guardian spirit Stlth
                     N - ring of positive energy
HPRegen 0.42/turn    L - ring of the Genius {rN+ Will+}
MPRegen 0.19/turn

%: repel missiles, guardian spirit
@: mighty, protected from physical damage, flying, studying Invocations, lightly
drained
A: permanent stasis, dig shafts and tunnels, antennae 3, four strong arms
a: Dig, Shaft Self, Renounce Religion, Upheaval, Elemental Force, Disaster Area


You were on level 2 of the Elven Halls.
You worshipped Qazlal.
Qazlal was exalted by your worship.
You visited 5 branches of the dungeon, and saw 25 of its levels.
You also visited: Sewer and Ice Cave.

You collected 3342 gold pieces.
You spent 1220 gold pieces at shops.

Inventory:

Hand Weapons
 b - a +5 executioner's axe of freezing
 j - the +5 war axe of Vesot {venom, rElec}
   (You found it on level 2 of the Dungeon)

   rElec:     It insulates you from electricity.
 B - a +0 orcbow
 S - the +8 frozen axe "Frostbite" (weapon) {freeze, freezing cloud, *Noise Fly rC+}
   (You bought it in a shop on level 2 of the Orcish Mines)

   rC+:       It protects you from cold.
   Fly:       It grants you flight.
   *Noise:    It may make a loud noise when swung.
Missiles
 f - 20 boomerangs
 o - 3 throwing nets
 z - 9 curare-tipped darts
 F - 10 javelins (quivered)
 Y - 5 silver javelins
Armour
 n - a +0 pair of boots (worn)
 s - +0 acid dragon scales
 H - a +2 kite shield of protection (worn)
 V - a +3 plate armour of fire resistance (worn)
 W - a +2 cloak (worn)
Jewellery
 a - a +4 ring of protection
 c - a +4 ring of protection
 m - an amulet of guardian spirit (around neck)
 v - the ring of Posmeqex {Fly rC++ Str+4 Slay-5}
   (You found it on level 3 of the Lair of Beasts)

   [ring of flight]

   Str+4:     It affects your strength (+4).
   Slay-5:    It affects your accuracy & damage with ranged weapons and melee
   (-5).
   rC++:      It greatly protects you from cold.
   Fly:       It grants you flight.
 E - a ring of protection from cold
 K - a +6 ring of strength
 L - the ring of the Genius (right hand) {rN+ Will+}
   (You found it in an ice cave)

   [ring of positive energy]

   rN+:       It protects you from negative energy.
   Will+:     It increases your willpower.
 M - a ring of fire
 N - a ring of positive energy (left hand)
Wands
 C - a wand of quicksilver (3)
 D - a wand of flame (45)
 Q - a wand of mindburst (7)
 R - a wand of polymorph (11)
 T - a wand of roots (15)
Scrolls
 e - 2 scrolls of poison
 g - 2 scrolls of enchant armour
 i - 3 scrolls of fog
 p - 9 scrolls of fear
 t - 3 scrolls of immolation
 u - 2 scrolls of torment
 x - 4 scrolls of silence
 y - 3 scrolls of revelation
 A - 5 scrolls of noise
 G - 3 scrolls of vulnerability
 P - 5 scrolls of identify
Potions
 d - 6 potions of might
 h - 5 potions of magic
 k - a potion of ambrosia
 l - 4 potions of enlightenment
 q - a potion of lignification
 r - 8 potions of curing
 w - 6 potions of attraction
 I - a potion of cancellation
 X - 3 potions of brilliance
Miscellaneous
 J - a phial of floods
 O - a phantom mirror
 Z - a condenser vane


   Skills:
 - Level 12.3 Fighting
 + Level 19.6 Axes
 - Level 9.5 Throwing
 - Level 12.1 Armour
 - Level 2.7 Dodging
 - Level 14.2 Shields
 - Level 9.7 Invocations
 - Level 4.9 Evocations


You had 16 spell levels left.
You didn't know any spells.
Your spell library contained the following spells:

 Spells                   Type           Power      Damage    Failure   Level
 Freeze                   Ice            0%         1d3       99%         1
 Kiss of Death            Conj/Necr      0%         2d5       99%         1
 Magic Dart               Conj           0%         1d3       99%         1
 Shock                    Conj/Air       0%         1d3       99%         1
 Slow                     Hex            0%         N/A       99%         1
 Sting                    Conj/Alch      0%         1d3       99%         1
 Jinxbite                 Hex            0%         N/A       99%         2
 Lesser Beckoning         Tloc           0%         N/A       99%         2
 Mercury Vapours          Alch/Air       0%         N/A       99%         2
 Momentum Strike          Conj/Tloc      0%         3d8       99%         2
 Searing Ray              Conj           0%         2d4       99%         2
 Frozen Ramparts          Ice            0%         1d1       100%        3
 Hailstorm                Conj/Ice       0%         3d5       100%        3
 Mephitic Cloud           Conj/Alch/Air  0%         N/A       100%        3
 Ozocubu's Armour         Ice            0%         N/A       100%        3
 Stone Arrow              Conj/Erth      0%         3d7       100%        3
 Tukima's Dance           Hex            0%         N/A       100%        3
 Volatile Blastmotes      Fire/Tloc      0%         2d10      100%        3
 Airstrike                Air            0%         2d(0-16)  100%        4
 Anguish                  Hex/Necr       0%         N/A       100%        4
 Brom's Barrelling Bould  Conj/Erth      0%         2d3       100%        4
 Cause Fear               Hex            0%         N/A       100%        4
 Fulminant Prism          Conj/Alch      0%         3d5       100%        4
 Iskenderun's Mystic Bla  Conj/Tloc      0%         2d3       100%        4
 Leda's Liquefaction      Alch/Erth      0%         N/A       100%        4
 Passage of Golubria      Tloc           0%         N/A       100%        4
 Fireball                 Conj/Fire      0%         3d3       100%        5
 Freezing Cloud           Conj/Ice/Air   0%         6-21      100%        5
 Iskenderun's Battlesphe  Conj           0%         2d6       100%        5
 Metabolic Englaciation   Hex/Ice        0%         N/A       100%        5
 Yara's Violent Unravell  Hex/Alch       0%         3d3       100%        5
 Conjure Ball Lightning   Conj/Air       0%         3x3d6     100%        6
 Death Channel            Necr           0%         N/A       100%        6
 Eringya's Noxious Bog    Alch           0%         4d6       100%        6
 Sculpt Simulacrum        Ice/Alch       0%         N/A       100%        6
 Enfeeble                 Hex            0%         N/A       100%        7
 Orb of Destruction       Conj           0%         9d5       100%        7
 Lehudib's Crystal Spear  Conj/Erth      0%         10d2      100%        8
 Blink                    Tloc           Unusable   N/A       N/A         2
 Swiftness                Air            Unusable   N/A       N/A         3

Dungeon Overview and Level Annotations

Branches:
Dungeon (15/15)            Temple (1/1) D:5            Lair (5/5) D:10
 Shoals (0/4) Lair:2       Spider (0/4) Lair:2        Slime (0/5) Lair:5
    Orc (2/2) D:11            Elf (2/3) Orc:2        Vaults (0/5) D:14
 Depths (0/4) D:15          Sewer (visited)           IceCv (visited)

Altars:
Ashenzari
Cheibriados
Dithmenos
Elyvilon
Fedhas
Gozag
Hepliaklqana
Kikubaaqudgha
Makhleb
Nemelex Xobeh
Okawaru
Qazlal
Ru
Sif Muna
Trog
Uskayaw
Vehumet
Wu Jian
Xom
Yredelemnul
Zin
The Shining One
Jiyva

Shops:
Orc:2 =*(([   Elf:1 :

Annotations:
Lair:1 2 transporters
Elf:2 FoolsGold's ghost, adept MiBe


Innate Abilities, Weirdness & Mutations

You cannot be hasted, slowed, berserked, paralysed or teleported.
You can dig through walls and to a lower floor.
You have a pair of large antennae on your head. (SInv)
Your four strong arms can wield two-handed weapons with a shield.


Message History

The deep elf death mage is engulfed in freezing vapours.
You kill the deep elf death mage!
Qazlal accepts your kill.
You barely miss the ghostly deep elf pyromancer.
You hear the roaring winds of a blizzard.
You miss the +2 scimitar of protection.
You hit FoolsGold's ghost but do no damage.
The +2 scimitar of protection is engulfed in freezing vapours.
The +2 scimitar of protection hits you but does no damage.
The ghostly deep elf pyromancer mumbles some strange words.
The ghostly deep elf pyromancer blinks!
FoolsGold's ghost is engulfed in freezing vapours.
You block FoolsGold's ghost's attack.
You closely miss the +2 scimitar of protection.
You hit FoolsGold's ghost but do no damage.
The +2 scimitar of protection is engulfed in freezing vapours.
You block the +2 scimitar of protection's attack.
The deep elf archer mumbles some strange words.
The deep elf archer blinks!
FoolsGold's ghost is engulfed in freezing vapours.
FoolsGold's ghost hits you but does no damage.
The +2 scimitar of protection closely misses you.
The +2 scimitar of protection hits you!
* * * LOW HITPOINT WARNING * * *
You block the +2 scimitar of protection's attack.
You hit FoolsGold's ghost but do no damage.
FoolsGold's ghost is lightly damaged.
You barely miss the +2 scimitar of protection.
You block the +2 scimitar of protection's attack.
You block FoolsGold's ghost's attack.
Unknown command.
You slice the ghostly deep elf pyromancer!!
You freeze the ghostly deep elf pyromancer!
You destroy the ghostly deep elf pyromancer!
Qazlal accepts your kill.
The fire elemental disappears in a puff of smoke!
You closely miss the +2 scimitar of protection.
You hit FoolsGold's ghost. You freeze FoolsGold's ghost.
The +2 scimitar of protection hits you!
You die...

.........)###.#
.....)..)..)..##
."........######+##
...........###....##
........$..........##
#.....).............##
#......#########.§...#
.......#.......#°○°..+
#####..#.)#.#.§#@....#
# #..#.?.#...(W)..## #
#..#.:....e○○..## #
#..#.?.#...e..## #
#..#.(#.#..#..# #
#..#.......#... .
#..#########..## #...
..... ..... #... .....
......


You could see a deep elf archer (repels missiles), a deep elf zephyrmancer, a +2
scimitar of protection and FoolsGold's ghost.

Vanquished Creatures
  Agnes (Elf:1)
  Gastronok (Lair:1)
  Kirke (Elf:1)
  An ironbound preserver (D:14)
  2 orc warlords (Orc:2)
  The ghost of pigah the Metamorph, a journeyman OpSh of Gozag (Lair:5)
  A deep elf death mage (Elf:2)
  5 slime creatures
  A fire dragon (Lair:5)
  Fannar (Lair:1)
  Harold (Orc:1)
  Erolcha (Orc:1)
  A rakshasa (D:15)
  An ice dragon (IceCv)
  8 centaur warriors
  5 hydras
  A catoblepas (D:14)
  4 boulder beetles
  8 dancing weapons
  A death knight (D:14)
  4 tengu warriors
  A hell hog (Lair:5)
  7 two-headed ogres
  6 orc high priests
  2 occultists (D:15)
  Sonja (Lair:5)
  2 skysharks (Lair:5)
  6 deep elf archers
  Pikel (D:5)
  5 orc knights
  A harpy (shapeshifter) (D:15)
  13 deep elf zephyrmancers
  A lindwurm (Lair:5)
  A necromancer (D:15)
  8 deep elf pyromancers
  3 harpies
  5 cyclopes
  A wolf spider zombie (D:15)
  9 orc sorcerers
  8 ugly things
  3 meliai (D:15)
  5 manticores
  2 black mambas (Lair:5)
  3 ice statues
  11 elephants
  2 kobold blastminers (Orc:2)
  2 gargoyles
  6 torpor snails (Lair:5)
  6 cane toads
  2 centaur skeletons (D:15)
  2 komodo dragons
  4 kobold demonologists (D:13)
  8 rime drakes
  An unseen horror (D:12)
  9 polar bears (Lair:5)
  5 trolls
  4 tyrant leeches (Lair:5)
  A polar bear (shapeshifter) (D:15)
  6 hornets (Lair:5)
  A raiju (Lair:5)
  16 blink frogs
  6 dream sheep (Lair:4)
  An air elemental (Elf:1)
  3 wraiths
  A jumping spider (shapeshifter) (D:14)
  51 yaks
  3 water elementals
  7 wyverns
  3 basilisks
  A fire elemental (Elf:1)
  3 hogs (Elf:1)
  A hog (shapeshifter) (Elf:1)
  Grum (D:11)
  A basilisk (shapeshifter) (Elf:1)
  11 wargs
  6 vampire mosquitoes
  A death yak simulacrum (Lair:5)
  4 steam dragons
  3 acid dragons
  6 water moccasins
  3 hydra simulacra (Lair:5)
  A swamp drake (D:11)
  16 hell hounds (Lair:5)
  38 orc warriors
  13 black bears
  An ice beast (D:7)
  9 ogres
  11 centaurs
  4 boggarts (D:15)
  26 wolves
  5 kobold brigands
  A brain worm (shapeshifter) (Elf:1)
  11 bullfrogs
  A gnoll sergeant (D:10)
  A scorpion (D:6)
  2 cane toad simulacra (Lair:5)
  9 wights
  6 killer bees (D:10)
  A lindwurm simulacrum (IceCv)
  11 howler monkeys
  A torpor snail simulacrum (Lair:5)
  A fire crab simulacrum (Lair:5)
  9 komodo dragon simulacra (IceCv)
  5 hounds
  A hound (shapeshifter) (Elf:1)
  A bombardier beetle (D:5)
  A gnoll bouda (D:4)
  8 orc priests
  2 sleepcaps
  3 iguanas
  25 orc wizards
  12 hell rats
  8 gnolls
  2 river rats (Sewer)
  4 acid dragon simulacra (IceCv)
  2 adders
  A white imp (D:5)
  4 ufetubi
  7 steam dragon simulacra (IceCv)
  2 dart slugs
  6 ribbon worms
  66 orcs
  7 ball pythons
  4 endoplasms
  4 giant cockroaches
  11 goblins
  5 hobgoblins
  7 jackals
  2 quokkas
  5 bats
  5 frilled lizards
  16 kobolds
  12 rats
762 creatures vanquished.

Vanquished Creatures (collateral kills)
  A catoblepas simulacrum (Lair:5)
1 creature vanquished.

Grand Total: 763 creatures vanquished

Notes
Turn   | Place    | Note
-------+----------+-------------------------------------------
     0 | D:1      | TheBioAlchemist the Formicid Fighter began the quest for
                  | the Orb.
     0 | D:1      | Reached XP level 1. HP: 18/18 MP: 1/1
    72 | D:1      | Reached XP level 2. HP: 18/24 MP: 2/2
   109 | D:1      | Found a faded altar of an unknown god.
   109 | D:1      | Noticed a red devil
   375 | D:1      | Reached XP level 3. HP: 29/29 MP: 3/3
   629 | D:2      | Identified the +5 war axe of Vesot {venom, rElec}
  1201 | D:2      | Reached XP level 4. HP: 37/37 MP: 4/4
  1532 | D:3      | Reached skill level 3 in Axes
  1683 | D:3      | Found a glowing drain.
  1701 | Sewer    | Entered a sewer
  1726 | Sewer    | Reached XP level 5. HP: 32/42 MP: 3/5
  2237 | D:4      | Reached skill level 5 in Shields
  2393 | D:4      | Found a snail-covered altar of Cheibriados.
  2395 | D:4      | Found a glowing silver altar of Zin.
  2399 | D:4      | Found a basalt altar of Yredelemnul.
  2418 | D:4      | Found an ornate altar of the Wu Jian Council.
  2637 | D:4      | Reached XP level 6. HP: 48/48 MP: 6/6
  2770 | D:4      | Reached skill level 4 in Axes
  3117 | D:5      | Entered Level 5 of the Dungeon
  3117 | D:5      | Noticed a steam dragon
  3127 | D:5      | Killed a steam dragon
  3128 | D:5      | Reached XP level 7. HP: 10/55 MP: 1/7
  3137 | D:5      | HP: 2/55 [orc priest/divine providence (10)]
  3138 | D:5      | Noticed Pikel
  3406 | D:5      | Killed Pikel
  3407 | D:5      | Reached skill level 5 in Fighting
  3407 | D:5      | Reached skill level 5 in Axes
  3407 | D:5      | Reached skill level 5 in Armour
  3407 | D:5      | Reached XP level 8. HP: 37/62 MP: 6/8
  3418 | D:5      | Reached skill level 6 in Axes
  3599 | D:5      | Found an opulent altar of Gozag.
  3770 | D:5      | Found a staircase to the Ecumenical Temple.
  3917 | Temple   | Entered the Ecumenical Temple
  3933 | Temple   | Became a worshipper of Qazlal Stormbringer
  4168 | D:6      | Reached XP level 9. HP: 61/69 MP: 9/9
  4180 | D:6      | Reached skill level 7 in Axes
  4389 | D:6      | Found a sacrificial altar of Ru.
  4841 | D:7      | Reached * piety under Qazlal
  5189 | D:7      | Reached skill level 8 in Axes
  5551 | D:7      | Found an ancient bone altar of Kikubaaqudgha.
  5774 | D:8      | Reached skill level 1 in Throwing
  5776 | D:8      | Reached XP level 10. HP: 72/79 MP: 8/10
  5948 | D:8      | Found a blossoming altar of Fedhas.
  6037 | D:8      | Reached skill level 9 in Axes
  6471 | D:9      | Noticed a two-headed ogre
  6483 | D:9      | Killed a two-headed ogre
  6536 | D:9      | Reached ** piety under Qazlal
  6883 | D:9      | Reached XP level 11. HP: 82/86 MP: 8/11
  6927 | D:9      | Found a broken altar of Ashenzari.
  7007 | D:9      | Reached skill level 10 in Axes
  7395 | D:10     | Entered Level 10 of the Dungeon
  7525 | D:10     | Reached skill level 10 in Shields
  7525 | D:10     | Reached skill level 1 in Invocations
  7624 | D:10     | Noticed a centaur warrior
  7624 | D:10     | Noticed a harpy
  7640 | D:10     | Killed a centaur warrior
  7655 | D:10     | Reached *** piety under Qazlal
  7689 | D:10     | Noticed a centaur warrior
  7694 | D:10     | Noticed a two-headed ogre
  7701 | D:10     | Killed a centaur warrior
  7705 | D:10     | HP: 3/87 [two-headed ogre/+0 dire flail (5)]
  7706 | D:10     | Killed a two-headed ogre
  7707 | D:10     | Reached skill level 5 in Throwing
  7734 | D:10     | Noticed a white ugly thing
  7777 | D:10     | Killed a white ugly thing
  7778 | D:10     | Reached skill level 11 in Axes
  7956 | D:10     | Noticed a two-headed ogre
  7961 | D:10     | Killed a two-headed ogre
  7962 | D:10     | Reached XP level 12. HP: 25/95 MP: 5/14
  8269 | D:10     | Noticed a two-headed ogre
  8275 | D:10     | Killed a two-headed ogre
  8578 | D:10     | Found a staircase to the Lair.
  9069 | D:11     | Noticed a two-headed ogre
  9081 | D:11     | Killed a two-headed ogre
  9110 | D:11     | Noticed Grum
  9129 | D:11     | Killed Grum
  9201 | D:11     | Found a staircase to the Orcish Mines.
  9239 | D:11     | Reached **** piety under Qazlal
  9376 | D:11     | Reached skill level 5 in Invocations
  9406 | D:11     | Found a shimmering blue altar of Sif Muna.
  9613 | D:11     | Noticed a two-headed ogre
  9622 | D:11     | Killed a two-headed ogre
  9655 | D:11     | Reached skill level 12 in Axes
 10282 | D:12     | Noticed a tengu warrior
 10300 | D:12     | Killed a tengu warrior
 10328 | D:12     | Identified a scroll of acquirement
 10330 | D:12     | Acquired a +1 executioner's axe of freezing
 10356 | D:12     | Reached skill level 10 in Fighting
 10514 | D:12     | Noticed a two-headed ogre
 10516 | D:12     | Killed a two-headed ogre
 10517 | D:12     | Reached XP level 13. HP: 93/103 MP: 14/17
 11015 | D:13     | Reached skill level 10 in Armour
 11015 | D:13     | Found a frozen archway.
 11031 | IceCv    | Entered an ice cave
 11467 | IceCv    | Noticed an ice dragon
 11478 | IceCv    | Killed an ice dragon
 11522 | IceCv    | Identified the ring of the Genius {rN+ Will+}
 12586 | D:13     | Reached ***** piety under Qazlal
 12587 | D:13     | Reached skill level 13 in Axes
 12846 | D:14     | Identified the +7 spear of Irrepressible Laughter {holy,
                  | Int+2}
 12967 | D:14     | Noticed a six-headed hydra
 12978 | D:14     | Killed a ten-headed hydra
 12987 | D:14     | Noticed a centaur warrior
 13018 | D:14     | Killed a centaur warrior
 13053 | D:14     | Noticed an ironbound preserver
 13055 | D:14     | Noticed a centaur warrior
 13059 | D:14     | Killed an ironbound preserver
 13062 | D:14     | Killed a centaur warrior
 13063 | D:14     | Reached XP level 14. HP: 73/111 MP: 16/19
 13160 | D:14     | Found a gate to the Vaults.
 13986 | D:15     | Entered Level 15 of the Dungeon
 14050 | D:15     | Reached skill level 1 in Evocations
 14314 | D:15     | Reached skill level 14 in Axes
 14329 | D:15     | Found a staircase to the Depths.
 15337 | Orc:1    | Entered Level 1 of the Orcish Mines
 15343 | Orc:1    | Noticed Harold
 15349 | Orc:1    | Killed Harold
 15370 | D:11     | Reached XP level 15. HP: 41/120 MP: 7/21
 15621 | Orc:1    | Reached ****** piety under Qazlal
 15741 | Orc:1    | Noticed Erolcha
 15753 | Orc:1    | Killed Erolcha
 16034 | Orc:2    | Entered Level 2 of the Orcish Mines
 16089 | Orc:2    | Noticed an orc warlord
 16093 | Orc:2    | Reached skill level 1 in Dodging
 16095 | Orc:2    | Killed an orc warlord
 16318 | Orc:2    | Noticed an orc warlord
 16323 | Orc:2    | Killed an orc warlord
 16586 | Orc:2    | Found Giehim's Jewellery Shop.
 16707 | Orc:2    | Found Feboh's Antique Armour Shop.
 16731 | Orc:2    | Found Ishifi's Antique Weapon Shop.
 16748 | Orc:2    | Found Ceh Epso's General Store.
 16831 | Orc:2    | Found Gagosaph's Weapon Shoppe.
 16837 | Orc:2    | Bought the +8 frozen axe "Frostbite" {freeze, freezing
                  | cloud, *Noise Fly rC+} for 988 gold pieces
 16837 | Orc:2    | Found the +8 frozen axe "Frostbite" {freeze, freezing
                  | cloud, *Noise Fly rC+}
 16893 | Orc:2    | Found a staircase to the Elven Halls.
 17025 | Orc:2    | Bought an embroidered cloak for 142 gold pieces
 17070 | Orc:2    | Bought a scroll of enchant armour for 90 gold pieces
 17147 | Lair:1   | Entered Level 1 of the Lair of Beasts
 17255 | Lair:1   | Noticed Gastronok
 17262 | Lair:1   | Killed Gastronok
 17327 | Lair:1   | Noticed Fannar
 17335 | Lair:1   | Killed Fannar
 17510 | Lair:1   | Found a transporter.
 17597 | Lair:1   | Found the +4 robe of Augmentation {Str+4 Int+4 Dex+4}
 17668 | Lair:1   | Found a transporter.
 18108 | Lair:2   | Found a hole to the Spider Nest.
 18145 | Lair:2   | Reached skill level 15 in Axes
 18260 | Lair:2   | Found a staircase to the Shoals.
 18721 | Lair:3   | Identified the +5 mace "Arruehik" {flame, Int+4}
 19108 | Lair:3   | Identified the ring of Posmeqex {Fly rC++ Str+4 Slay-5}
 19353 | Lair:4   | Reached XP level 16. HP: 127/127 MP: 23/23
 20098 | Lair:5   | Entered Level 5 of the Lair of Beasts
 20115 | Lair:5   | Reached skill level 16 in Axes
 20653 | Lair:5   | Reached skill level 17 in Axes
 20862 | Lair:5   | Noticed pigah's ghost (journeyman OpSh)
 20864 | Lair:5   | Found a runed translucent gate.
 20864 | Lair:5   | Found a runed translucent gate.
 20864 | Lair:5   | Found a runed translucent gate.
 20865 | Lair:5   | Noticed Sonja
 20871 | Lair:5   | Killed Sonja
 21467 | Lair:5   | Found a viscous altar of Jiyva.
 21467 | Lair:5   | Found a staircase to the Slime Pits.
 21595 | Lair:5   | Reached skill level 18 in Axes
 21606 | Lair:5   | Killed pigah's ghost
 21920 | Elf:1    | Entered Level 1 of the Elven Halls
 21924 | Elf:1    | Noticed Agnes
 21935 | Elf:1    | Killed Agnes
 22002 | Elf:1    | Reached XP level 17. HP: 133/133 MP: 24/24
 22148 | Elf:1    | Found Wejobiujo's Book Emporium.
 22287 | Elf:1    | Noticed Kirke
 22300 | Elf:1    | Killed Kirke
 22349 | Elf:1    | Reached skill level 19 in Axes
 22524 | Elf:1    | Got Poofoid's Atlas of Jinxing and Rot
 22525 | Elf:1    | Identified the +9 halberd "Dinayrr" {flame, Int+2}
 22536 | Elf:1    | Got the Papyrus of the Secret Curses
 22595 | Elf:1    | Got the Parchment of Stones
 23297 | Elf:2    | Noticed FoolsGold's ghost (adept MiBe)
 23341 | Elf:2    | Found a runed translucent gate.
 23341 | Elf:2    | Found a runed translucent gate.
 23343 | Elf:2    | Found a runed translucent gate.
 23451 | Elf:2    | HP: 3/132 [+2 scimitar of protection (15)]
 23453 | Elf:2    | Mangled by a +2 scimitar of protection

Illustrated notes

Levels and vault maps discovered:
D:1:      ncdulo_watergridlock, layout_rooms,
          dreamdust_ecumenical_altar_sealed_demon
D:2:      layout_loops_corners
D:3:      layout_basic, cheibrodos_sewer_entry_bend
D:4:      layout_loops_cross, nicolae_wu_jian_immortal_techniques,
          gammafunk_temple_overflow_forgotten, minivault_11, kennysheep_path_1,
          nicolae_elevator_lobby_asterisk
D:5:      layout_rooms, lemuel_crystal_altar, minmay_temple_entry_grid,
          uniq_pikel
D:6:      layout_rooms, nicolae_ru_the_path_less_chosen
D:7:      layout_cave_pods, mainiacjoe_overflow_boulevard
D:8:      layout_loops_ring, mainiacjoe_overflow_tiny_flanked,
          nicolae_letterblocks [nicolae_letter_subblock,
          nicolae_letter_subblock, nicolae_letter_subblock,
          nicolae_letter_subblock, nicolae_letter_subblock,
          nicolae_letter_subblock, nicolae_letter_subblock,
          nicolae_letter_subblock, nicolae_letter_subblock,
          nicolae_letter_subblock, nicolae_letter_subblock,
          nicolae_letter_subblock, nicolae_letter_subblock,
          nicolae_letter_subblock, nicolae_letter_subblock,
          nicolae_letter_subblock, nicolae_letter_subblock,
          nicolae_letter_subblock, nicolae_letter_subblock,
          nicolae_letter_subblock, nicolae_letter_subblock,
          nicolae_letter_subblock, nicolae_letter_subblock,
          nicolae_letter_subblock, nicolae_letter_subblock]
D:9:      layout_roguey, nicolae_ashenzari_panopticon
D:10:     nzn_winding_woodlands_medium [nzn_winding_woodlands_5x5_cross,
          nzn_winding_woodlands_5x15_longhouse,
          nzn_winding_woodlands_5x5_perimeter, nzn_winding_woodlands_5x5_three,
          nzn_winding_woodlands_center_garden,
          nzn_winding_woodlands_5x5_open_star,
          nzn_winding_woodlands_5x5_checkerboard,
          nzn_winding_woodlands_5x15_garden,
          nzn_winding_woodlands_5x5_closed_star], layout_basic,
          david_lair_shrubbed
D:11:     layout_stronghold, erik_orc_1, nicolae_sif_muna_condensation,
          uniq_grum
D:12:     layout_roguey
D:13:     layout_roguey, portal_ice_cave_entry_pillars_2,
          minmay_fractal_squares_gapless_5
D:14:     layout_long_grid, skrybe_vaults_entry_preservation,
          hangedman_abyss_or_decor_slice
D:15:     grunt_enter_depths_magical_seal, layout_cave_pods,
          hangedman_decor_clover_reticule
Temple:   compressed_dpeg_triangle_lava_temple
Lair:1:   gammafunk_worm_tunnel, layout_cellular_growth, uniq_fannar,
          uniq_gastronok
Lair:2:   layout_chaotic_city, nicolae_shoals_entry_roost, dummy_spider_entry
Lair:3:   statuecave_lemuel, layout_loops_ring
Lair:4:   layout_long_grid
Lair:5:   hangedman_lair_caniforms_friends, layout_regular_city, wormcave,
          dpeg_slime_entry_enclosed, gammafunk_ghost_icy, serial_bayou_pond_d,
          uniq_sonja
Orc:1:    layout_caves, guppyfry_orc_lava_fort, uniq_erolcha, uniq_harold
Orc:2:    grunt_orc_gardens, layout_caves, grunt_orc_garden, grunt_orc_garden,
          grunt_orc_garden, grunt_orc_garden, serial_shops,
          nicolae_shop_bloodbath_and_beyond
Elf:1:    elf_arrival_001, layout_loops_corners, serial_shops,
          nicolae_shop_tiny_real_fake_doors, nicolae_elf_shapeshifter_party,
          hangedman_glass_teeth, dk_noncrumbling_4, solitary_fountain,
          uniq_kirke, uniq_agnes
Elf:2:    nicolae_elf_blades_crystal_corner, layout_loops_corners,
          gammafunk_ghost_split, serial_shops, shop

Skill      XL: |  1  2  3  4  5  6  7  8  9 10 11 12 13 14 15 16 17 |
---------------+----------------------------------------------------+-----
Axes           | 3 4 5 6 8 9 11 12 13 14 15 18 19 | 19.6
Armour         | 4 5 6 7 8 9 10 11 12 | 12.1
Fighting       | 4 5 6 7 8 9 10 11 12 | 12.3
Shields        | 5 6 7 8 9 10 11 12 13 14 | 14.2
Throwing       | 1 3 5 6 7 8 9 |  9.5
Invocations    | 3 5 7 8 9 |  9.7
Evocations     | 3 4 |  4.9
Dodging        | 2 |  2.7

Action                     |  1- 3 |  4- 6 |  7- 9 | 10-12 | 13-15 | 16-18 || total
---------------------------+-------+-------+-------+-------+-------+-------++-------
  Melee: War axe           |    84 |   104 |   142 |   398 |       |       ||   728
         Executioner's axe |       |       |       |     5 |   634 |   413 ||  1052
  Throw: Dart              |       |       |    10 |    19 |     3 |       ||    32
         Boomerang         |       |       |       |     2 |     5 |       ||     7
         Javelin           |       |       |       |       |     8 |       ||     8
 Invoke: Elemental Force   |       |       |       |       |       |     1 ||     1
  Evoke: Wand              |       |       |       |       |     1 |       ||     1
    Use: Scroll            |       |       |       |    23 |     4 |     3 ||    30
         Potion            |       |       |       |     1 |     1 |     2 ||     4
 Armour: Scale mail        |    65 |    78 |    71 |       |       |       ||   214
         Plate armour      |       |       |    57 |   235 |   394 |   212 ||   898
         Chain mail        |       |       |       |       |    44 |       ||    44
  Dodge: Dodged            |    35 |    61 |    43 |    68 |   104 |    52 ||   363
         Repelled          |       |       |       |       |     4 |     4 ||     8
  Block: Buckler           |    17 |    28 |    23 |       |       |       ||    68
         Kite shield       |       |       |    55 |   320 |   787 |   430 ||  1592
